 Dungeon Crawl Stone Soup version 0.17-a0-854-g4a4ba72 (console) character file.

1346 sose the Insei (level 8, -15/52 HPs)
             Began as an Octopode Transmuter on Apr 28, 2015.
             Killed by the air
             ... invoked by Gastronok
              (24 damage)
             ... on level 10 of the Dungeon.
             The game lasted 00:24:43 (9155 turns).

sose the Insei (Octopode Transmuter)                Turns: 9155, Time: 00:24:43

Health: -15/52     AC:  2    Str:  9    XL:     8   Next: 62%
Magic:  9/11       EV: 22    Int: 17    God:
Gold:   350        SH:  0    Dex: 18    Spells: 3 memorised, 5 levels left

rFire  . . .     SeeInvis .       - Unarmed
rCold  . . .     Clarity  +     (shield currently unavailable)
rNeg   . . .     SustAb   .     (helmet currently unavailable)
rPois  x         Gourm    .     H - amulet of clarity
rElec  .         Spirit   .     (no ring)
rCorr  .         Warding  .     (no ring)
rMut   .         Stasis   .     (no ring)
MR     .....                    (no ring)
Stlth  ++........               (no ring)
                                (no ring)
                                (no ring)
                                (no ring)

@: spider-form, not resistant to hostile enchantments, unstealthy
A: almost no armour, amphibious, 8 rings, (constrict 8), (camouflage 0),
(gelatinous body 0)
a: End Transformation


You were on level 10 of the Dungeon.
You were not hungry.
You were a venomous arachnid creature.
You visited 2 branches of the dungeon, and saw 9 of its levels.

You collected 350 gold pieces.

Inventory:

Hand weapons
 s - a +0 blowgun
Missiles
 t - 6 poisoned needles
 u - 6 javelins (quivered)
 y - 111 stones
 B - 50 arrows
Jewellery
 g - an uncursed ring of ice
 G - an uncursed amulet of faith
 H - an amulet of clarity (around neck)
Magical devices
 E - a wand of digging (13)
Scrolls
 d - a scroll of amnesia {unknown}
 e - 3 scrolls of noise {unknown}
 f - 3 scrolls of enchant armour {unknown}
 h - 3 scrolls of identify {unknown}
 i - 3 scrolls of magic mapping {unknown}
 j - 5 scrolls of teleportation
 k - 3 scrolls of remove curse {unknown}
 o - 2 scrolls of immolation {unknown}
 r - 2 scrolls of fog {unknown}
 A - 2 scrolls of blinking {unknown}
Potions
 a - a potion of agility {unknown}
 l - a potion of magic {unknown}
 p - a potion of restore abilities {unknown}
 q - a potion of heal wounds {unknown}
 v - a potion of poison {unknown}
 w - a potion of resistance {unknown}
 x - a potion of might {unknown}
Books
 b - a book of Changes

   Spells                             Type                      Level
   a - Beastly Appendage              Transmutation                1
   b - Sticks to Snakes               Transmutation                2
   c - Spider Form                    Transmutation/Poison         3
   d - Ice Form                       Ice/Transmutation            4
   e - Blade Hands                    Transmutation                5
 C - a book of Envenomations

   Spells                             Type                      Level
   a - Spider Form                    Transmutation/Poison         3
   b - Alistair's Intoxication        Transmutation/Poison         4
   c - Olgreb's Toxic Radiance        Poison                       4
   d - Poisonous Cloud                Conjuration/Poison/Air       6
Comestibles
 c - 3 bread rations
 m - 3 meat rations
 n - 11 fruits
 z - 3 beef jerkies


   Skills:
 - Level 3.1 Fighting
 - Level 4.0 Dodging
 + Level 7.3 Unarmed Combat
 - Level 2.0 Spellcasting
 + Level 5.9 Transmutations
 - Level 2.4 Poison Magic


You had 5 spell levels left.
You knew the following spells:

 Your Spells              Type           Power        Failure   Level  Hunger
a - Beastly Appendage     Trmt           ###...       8%          1    #......
b - Sticks to Snakes      Trmt           ###.......   10%         2    ###....
c - Spider Form           Trmt/Pois      ###.......   28%         3    ###....


Dungeon Overview and Level Annotations

Branches:
Dungeon (10/15)            Temple (1/1) D:7
   Lair: D:8-11         Orc: D:9-12

Altars:
Ashenzari
Dithmenos
Elyvilon
Fedhas
Gozag
Kikubaaqudgha
Makhleb
Nemelex Xobeh
Okawaru
Qazlal
Ru
Sif Muna
Trog
Vehumet
Yredelemnul
Zin
Lugonu

Annotations:
D:10 Gastronok


Innate Abilities, Weirdness & Mutations

You cannot wear most types of armour.
You are amphibious.
You can wear up to eight rings at the same time.
((You can use your tentacles to constrict eight enemies at once.))
((Your skin changes colour to match your surroundings (Stealth).))
((Your rubbery body absorbs attacks (AC +1).))


Message History

Drink which item? (? for menu, Esc to quit)
You feel better. Gastronok bites you!
* * * LOW HITPOINT WARNING * * *
You completely miss Gastronok.
Gastronok is heavily wounded.
You hit Gastronok.
Gastronok is heavily wounded.
Gastronok barely misses you.
Press: ? - help, v - describe, . - travel
Here: Gastronok, wearing a runed hat (heavily wounded, poisoned)
The floor.
Unknown command.
Unknown command.
You bite Gastronok!
Gastronok is heavily wounded.
You hit Gastronok but do no damage.
Gastronok is severely wounded.
Gastronok waves his eye-stalks in wide circles.
The air twists around and strikes you!
You die...

#..........#
###.#......#.# #
..#....#.....#
#.
#.#..........#
.##.############
.... ..# #.##.+
#sw..# #.##.#
#.# #.# #.# #.#
#.# #.# #.#


You could see Gastronok.

Vanquished Creatures
  A centaur skeleton (D:10)
  A black bear (D:6)
  2 ice beasts
  A centaur (D:5)
  A scorpion (D:6)
  2 crimson imps
  2 orc priests
  3 worker ants
  A gnoll shaman (D:7)
  2 iguanas (D:5)
  3 orc wizards
  A hound zombie (D:6)
  3 gnolls (D:7)
  9 adders
  2 adder skeletons
  4 worms
  5 giant geckos
  27 orcs
  2 bat skeletons (D:4)
  5 giant cockroaches
  10 goblins
  11 hobgoblins
  5 quokkas
  6 bats
  A giant gecko skeleton (D:5)
  5 giant newts
  9 jackals
  8 kobolds
  2 quokka skeletons
  8 rats
142 creatures vanquished.

Vanquished Creatures (collateral kills)
  An adder (D:2)
1 creature vanquished.

Grand Total: 143 creatures vanquished

Notes
Turn   | Place    | Note
--------------------------------------------------------------
     0 | D:1      | sose, the Octopode Transmuter, began the quest for the Orb.
     0 | D:1      | Reached XP level 1. HP: 13/13 MP: 3/3
   239 | D:1      | Reached XP level 2. HP: 8/18 MP: 5/5
   852 | D:2      | Found a radiant altar of Vehumet.
   914 | D:1      | Learned a level 2 spell: Sticks to Snakes
  1019 | D:1      | Reached skill level 4 in Unarmed Combat
  1393 | D:2      | Reached XP level 3. HP: 5/23 MP: 0/6
  1976 | D:3      | HP: 1/23 [orc priest/mace (6)]
  2256 | D:2      | Reached XP level 4. HP: 2/28 MP: 5/7
  3089 | D:3      | Reached skill level 5 in Unarmed Combat
  3328 | D:3      | Learned a level 3 spell: Spider Form
  3437 | D:3      | Reached XP level 5. HP: 29/33 MP: 6/8
  3630 | D:3      | Found a white marble altar of Elyvilon.
  3992 | D:3      | Found a sacrificial altar of Ru.
  4293 | D:4      | Found a blossoming altar of Fedhas.
  4393 | D:4      | Reached skill level 6 in Unarmed Combat
  4649 | D:4      | Found an iron altar of Okawaru.
  4649 | D:4      | Found a deep blue altar of Sif Muna.
  5089 | D:4      | Reached XP level 6. HP: 29/38 MP: 9/9
  5528 | D:5      | Entered Level 5 of the Dungeon
  6215 | D:5      | Reached skill level 5 in Transmutations
  6215 | D:5      | Reached XP level 7. HP: 27/43 MP: 7/10
  8179 | D:6      | Reached XP level 8. HP: 40/51 MP: 7/11
  8498 | D:7      | Found a staircase to the Ecumenical Temple.
  8508 | Temple   | Entered the Ecumenical Temple
  8908 | D:7      | Found an opulent altar of Gozag.
  9010 | D:7      | You fall through a shaft for 3 floors!
  9010 | D:10     | Entered Level 10 of the Dungeon
  9010 | D:10     | Noticed a centaur skeleton
  9023 | D:10     | Killed a centaur skeleton
  9023 | D:10     | Reached skill level 7 in Unarmed Combat
  9140 | D:10     | Noticed Gastronok
  9155 | D:10     | Killed from afar by Gastronok

Action                   |  1- 3 |  4- 6 |  7- 9 || total
-------------------------+-------+-------+-------++-------
Melee: Unarmed           |    70 |   167 |   139 ||   376
 Fire: Blowgun           |       |     7 |       ||     7
Throw: Javelin           |       |       |     4 ||     4
 Cast: Beastly Appendage |     9 |    19 |     2 ||    30
       Sticks to Snakes  |    12 |       |       ||    12
       Spider Form       |       |     2 |    15 ||    17
  Use: Potion            |     2 |     2 |     1 ||     5
       Scroll            |       |       |     1 ||     1
 Stab: Sleeping          |     3 |     6 |     1 ||    10
       Distracted        |       |     1 |       ||     1
  Eat: Chunk             |     1 |    10 |     9 ||    20
       Bread ration      |     1 |       |       ||     1
       Beef jerky        |       |     1 |       ||     1
       Royal jelly       |       |     1 |       ||     1
       Fruit             |       |       |     1 ||     1
       Pizza             |       |       |     2 ||     2
